 Dungeon Crawl Stone Soup version 0.31-a0-221-gbddc013574 (webtiles) character file.

Game seed: 10576972700148497539

3824 qw the Skirmisher (level 9, -6/82 HPs)
             Began as a Minotaur Hexslinger on July 3, 2023.
             Was a Follower of Okawaru.
             Mangled by a yak (14 damage)
             ... on level 8 of the Dungeon.
             The game lasted 00:03:05 (6855 turns).

qw the Skirmisher (Minotaur Hexslinger)             Turns: 6855, Time: 00:03:06

Health: -6/82      AC:  5    Str: 13    XL:     9   Next: 97%
Magic:  8/9        EV: 17    Int: 10    God:    Okawaru [*.....]
Gold:   416        SH:  0    Dex: 17    Spells: 9/10 levels left

rFire   . . .        Y - +0 shortbow
rCold   + . .        (shield currently unavailable)
rNeg    . . .        e - +2 leather armour {rC+}
rPois   .            (helmet restricted)
rElec   .            (no cloak)
rCorr   .            (no gloves)
SInv    .            (no boots)
Will    .....        (no amulet)
Stlth   +++          k - +4 ring of slaying {mikee}
HPRegen 0.33/turn    (no ring)
MPRegen 0.11/turn

%: no passive effects
@: about to teleport, heroic
A: horns 2, retaliatory headbutt
a: Renounce Religion, Heroism


You were on level 8 of the Dungeon.
You worshipped Okawaru.
Okawaru was aware of your devotion.
You visited 1 branch of the dungeon, and saw 8 of its levels.

You collected 416 gold pieces.


Innate Abilities, Weirdness & Mutations

You have a pair of horns on your head.
You reflexively headbutt those who attack you in melee.


   Skills:
 - Level 8.5(13.5) Fighting
 + Level 12.6(17.6) Ranged Weapons
 - Level 1.1(6.1) Armour
 - Level 5.0(10.0) Dodging
 - Level 1.0 Spellcasting
 - Level 2.0 Hexes
 + Level 2.0 Invocations


You had 9 spell levels left.
You knew the following spells:

 Your Spells              Type           Power      Damage    Failure   Level
a - Slow                  Hex            16%        N/A       19%         1

Your spell library contained the following spells:

 Spells                   Type           Power      Damage    Failure   Level
 Inner Flame              Hex/Fire       2%         N/A       63%         3
 Portal Projectile        Hex/Tloc       4%         N/A       63%         3
 Cause Fear               Hex            2%         N/A       88%         4

Inventory:

Hand Weapons
 Y - a +0 shortbow (weapon)
Armour
 e - a +2 leather armour of cold resistance (worn)
Jewellery
 k - a +4 ring of slaying (left hand) {mikee}
Scrolls
 a - 2 scrolls of identify
 b - 2 scrolls of enchant armour
 c - a scroll of teleportation
 i - a scroll of silence {unknown}
Potions
 d - a potion of mutation
 f - a potion of heal wounds
 g - a potion of resistance
 h - a potion of enlightenment
 j - a potion of curing
 o - a potion of haste {unknown}

Dungeon Overview and Level Annotations

Branches:
Dungeon (8/15)             Temple (0/1) D:6
   Lair: D:8-11

Altars:
Cheibriados
Fedhas
Kikubaaqudgha
Nemelex Xobeh
Okawaru
Sif Muna
Vehumet

Shops:
D:4 (

Annotations:
D:4 3 runed translucent doors, qw's ghost, amateur DEHu


Message History

The yak closely misses you. You furiously retaliate!
You headbutt the yak!
You kill the yak!
Okawaru accepts your kill.
You shoot an arrow. The arrow hits the yak!
The yak is heavily wounded.
The yak completely misses you. The yak misses you.
The yak completely misses you.
You shoot an arrow. The arrow hits the yak!
The yak is severely wounded.
The yak misses you. The yak gores you. The yak misses you.
The yak completely misses you. You furiously retaliate!
You headbutt the yak! You shoot an arrow. The arrow hits the yak.
The yak is almost dead.
You shoot an arrow. The arrow hits the yak!
You kill the yak!
Okawaru accepts your kill.
You can now gain great but temporary skills.
The yak gores you but does no damage. x2; The yak gores you.
You shoot an arrow. The arrow hits the yak.
The yak is heavily wounded.
The yak misses you. The yak barely misses you.
You shoot an arrow.
The arrow hits the yak but does no damage.
The yak is heavily wounded.
The yak gores you but does no damage. The yak barely misses you.
The yak misses you. You furiously retaliate!
You headbutt the yak. You shoot an arrow.
The arrow hits the yak but does no damage.
The yak is severely wounded.
You shoot an arrow. The arrow hits the yak!
You kill the yak!
Okawaru accepts your kill. The yak closely misses you. The yak gores you! x2
Your Invocations skill increases to level 2!
6855 ||| READING 2 scrolls of teleportation.
As you read the scroll of teleportation, it crumbles to dust.
You feel strangely unstable. The yak barely misses you.
You furiously retaliate!
You headbutt the yak! The yak gores you! x2
You die...

# .... #.# #.####
....#.# #....#
.#.#.######.# . .....#
#.# #.#.##.# #.#
#.#.##.# #.#
.#..#.Y....###.#######
......Y@.....|........
.#..#.#Y##.##.).......
#....#.##.....###.
#.#.#..##.........
.?.#.##.##.....### ...
............# ....
...#.####.### #.#
........#.#
...####<#.#


You could see 3 yaks.

Vanquished Creatures
  A two-headed ogre (D:6)
  Grinder (D:3)
  A wyvern (D:7)
  3 yaks (D:8)
  A water moccasin (D:6)
  A sky beast (D:4)
  2 orc warriors (D:6)
  An ogre (D:6)
  2 centaurs
  2 kobold brigands
  6 bullfrogs
  Blork the orc (D:4)
  2 scorpions
  9 wights (D:7)
  2 hounds
  An orc priest (D:6)
  A jelly (D:7)
  3 iguanas
  Terence (D:2)
  2 sleepcaps
  5 orc wizards
  Natasha (D:2)
  A statue (D:6)
  A gnoll (D:1)
  11 adders
  A shadow imp (D:7)
  A white imp (D:7)
  2 ufetubi
  A worm (D:3)
  A dart slug (D:2)
  21 orcs
  9 endoplasms
  3 giant cockroaches (D:1)
  5 goblins
  3 hobgoblins
  7 jackals (D:1)
  6 quokkas
  6 ball pythons
  6 bats
  6 frilled lizards
  18 kobolds
  3 rats
161 creatures vanquished.

Notes
Turn   | Place    | Note
-------+----------+-------------------------------------------
     0 | D:1      | qw the Minotaur Hexslinger began the quest for the Orb.
     0 | D:1      | Reached XP level 1. HP: 16/16 MP: 1/1
     0 | D:1      | 0 ||| qw: Version: 0.3-a-40-ge99b1a8
     0 | D:1      | 0 ||| qw: Game counter: 596
     0 | D:1      | 0 ||| qw: Melee chars always use a shield: true
     0 | D:1      | 0 ||| qw: God list: Okawaru
     0 | D:1      | 0 ||| qw: Allow faded altars: false
     0 | D:1      | 0 ||| qw: Do Orc after clearing Dungeon:15 true
     0 | D:1      | 0 ||| qw: Do second Lair branch before Depths: true
     0 | D:1      | 0 ||| qw: Lair rune preference: random
     0 | D:1      | 0 ||| qw: Goals: Normal
     0 | D:1      | 0 ||| PLANNING D:1-11
   168 | D:1      | Reached skill level 3 in Ranged Weapons
   168 | D:1      | Reached XP level 2. HP: 23/23 MP: 2/2
   448 | D:1      | Reached XP level 3. HP: 29/29 MP: 3/3
   875 | D:1      | 875 ||| DROPPING ring of wizardry.
   876 | D:1      | 876 ||| UPGRADING to +4 ring of slaying {mikee}.
   877 | D:1      | 877 ||| READING 2 scrolls labelled XUIFEDDE VAET.
   878 | D:1      | 878 ||| READING scroll labelled TAFENLU QEULITAG.
   879 | D:1      | 879 ||| READING scroll labelled YTZUV CUTOIZ.
   880 | D:1      | 880 ||| READING scroll labelled TAMEDA REULL.
   881 | D:1      | 881 ||| READING scroll labelled WISUQ FOXZYITITHRA.
   882 | D:1      | 882 ||| READING scroll labelled WUATESKUCUTH.
   883 | D:1      | 883 ||| DROPPING scroll of summoning.
   884 | D:1      | 884 ||| DROPPING scroll of poison.
   940 | D:2      | Reached skill level 4 in Ranged Weapons
  1097 | D:2      | You fall into a shaft and drop 2 floors!
  1097 | D:4      | Found Vaalu's Weapon Shoppe.
  1106 | D:4      | 1106 ||| PLANNING D:1-11
  1121 | D:4      | 1121 ||| Stepping ~*~*~tactically~*~*~ (outnumbered).
  1123 | D:4      | 1123 ||| Stepping ~*~*~tactically~*~*~ (outnumbered).
  1128 | D:4      | Reached XP level 4. HP: 36/36 MP: 4/4
  1161 | D:4      | Found a blossoming altar of Fedhas.
  1190 | D:4      | Noticed a scorpion
  1196 | D:4      | Killed a scorpion
  1197 | D:4      | Reached skill level 5 in Ranged Weapons
  1197 | D:4      | Reached XP level 5. HP: 29/41 MP: 5/5
  1304 | D:4      | Noticed Blork the orc
  1311 | D:4      | Killed Blork the orc
  1312 | D:4      | Reached skill level 3 in Fighting
  1411 | D:4      | 1411 ||| UPGRADING to +2 leather armour of cold resistance.
  1421 | D:4      | 1421 ||| DROPPING +0 robe.
  1422 | D:4      | 1422 ||| READING scroll labelled ZAMINYU FOIN.
  1423 | D:4      | 1423 ||| READING scroll labelled UMELOC SENUA.
  1434 | D:4      | Found a shimmering blue altar of Sif Muna.
  1448 | D:4      | Reached skill level 6 in Ranged Weapons
  1496 | D:4      | 1496 ||| READING scroll labelled BUSTRU YMYGAER.
  1497 | D:4      | 1497 ||| READING 3 scrolls of identify.
  1497 | D:4      | 1497 ||| IDENTIFYING dark potion
  1498 | D:4      | 1498 ||| READING 2 scrolls of identify.
  1498 | D:4      | 1498 ||| IDENTIFYING fizzy pink potion
  1499 | D:4      | 1499 ||| DROPPING potion of brilliance.
  1649 | D:3      | Reached XP level 6. HP: 52/52 MP: 6/6
  1684 | D:3      | 1684 ||| DROPPING ring of magical power.
  1685 | D:3      | 1685 ||| DRINKING 4 puce potions.
  1686 | D:3      | 1686 ||| DROPPING 3 potions of attraction.
  1954 | D:2      | Noticed Natasha
  1957 | D:2      | Noticed Terence
  1962 | D:2      | Killed Natasha
  1967 | D:2      | Killed Terence
  2160 | D:2      | 2160 ||| READING scroll labelled ULINKUY EHAMO.
  2161 | D:2      | 2161 ||| READING 2 scrolls of identify.
  2161 | D:2      | 2161 ||| IDENTIFYING smoky cyan potion
  2162 | D:2      | 2162 ||| DROPPING potion of degeneration.
  2294 | D:3      | Noticed Grinder
  2305 | D:3      | Killed Grinder
  2306 | D:3      | Reached skill level 7 in Ranged Weapons
  2306 | D:3      | Reached XP level 7. HP: 48/59 MP: 7/7
  2485 | D:3      | Reached skill level 8 in Ranged Weapons
  2877 | D:3      | 2877 ||| READING scroll labelled YSIDOD JYASECH.
  2878 | D:3      | 2878 ||| READING 2 scrolls of identify.
  2878 | D:3      | 2878 ||| IDENTIFYING lumpy sapphire potion
  2918 | D:4      | Found an ancient bone altar of Kikubaaqudgha.
  3025 | D:4      | Found a runed translucent gate.
  3025 | D:4      | Found a runed translucent gate.
  3026 | D:4      | Found a runed translucent gate.
  3030 | D:4      | Noticed qw's ghost (amateur DEHu)
  3207 | D:4      | Reached skill level 1 in Armour
  3609 | D:5      | Entered Level 5 of the Dungeon
  3680 | D:5      | Found a sparkling altar of Nemelex Xobeh.
  3680 | D:5      | Found a snail-covered altar of Cheibriados.
  3776 | D:5      | Reached skill level 3 in Dodging
  3852 | D:5      | 3852 ||| SWAPPING to +0 shortbow.
  3861 | D:5      | 3861 ||| DROPPING +2 sling.
  4119 | D:5      | 4119 ||| READING scroll labelled CIEJYU DUYN.
  4120 | D:5      | 4120 ||| DRINKING 2 emerald potions.
  4146 | D:6      | 4146 ||| PLANNING SEWER
  4172 | D:6      | Reached XP level 8. HP: 39/68 MP: 8/8
  4291 | D:6      | 4291 ||| Stepping ~*~*~tactically~*~*~ (outnumbered).
  4306 | D:6      | Reached skill level 9 in Ranged Weapons
  4507 | D:6      | HP: 7/70 [orc warrior/+0 mace (15)]
  4508 | D:6      | 4508 ||| READING 3 scrolls of teleportation.
  4509 | D:6      | 4509 ||| DRINKING potion of heal wounds.
  4511 | D:6      | 4511 ||| STAIRDANCE
  4683 | D:5      | 4683 ||| UPGRADING to amulet of guardian spirit.
  4688 | D:5      | 4688 ||| DRINKING 2 black potions.
  4693 | D:5      | 4693 ||| STAIRDANCE
  4836 | D:4      | 4836 ||| DRINKING 2 yellow potions.
  4837 | D:4      | 4837 ||| DROPPING potion of berserk rage.
  4886 | D:6      | 4886 ||| RIP SEWER
  4887 | D:6      | 4887 ||| PLANNING D:1-11
  4937 | D:6      | Reached skill level 6 in Fighting
  4982 | D:6      | Noticed a two-headed ogre
  4996 | D:6      | Killed a two-headed ogre
  4997 | D:6      | Reached skill level 11 in Ranged Weapons
  5012 | D:6      | Reached XP level 9. HP: 32/75 MP: 6/9
  5239 | D:6      | Found an iron altar of Okawaru.
  5240 | D:6      | 5240 ||| PLANNING OKAWARU WORSHIP
  5247 | D:6      | Became a worshipper of Warmaster Okawaru
  5248 | D:6      | 5248 ||| PLANNING D:1-11
  5248 | D:6      | 5248 ||| REMOVING amulet of guardian spirit.
  5363 | D:6      | Found a radiant altar of Vehumet.
  5366 | D:6      | 5366 ||| FLEEEEING.
  5367 | D:6      | 5367 ||| FLEEEEING.
  5453 | D:6      | Found a staircase to the Ecumenical Temple.
  5621 | D:6      | 5621 ||| DROPPING amulet of guardian spirit.
  5651 | D:7      | 5651 ||| Stepping ~*~*~tactically~*~*~ (outnumbered).
  5653 | D:7      | 5653 ||| Stepping ~*~*~tactically~*~*~ (outnumbered).
  5657 | D:7      | 5657 ||| Stepping ~*~*~tactically~*~*~ (outnumbered).
  6144 | D:7      | Reached skill level 12 in Ranged Weapons
  6157 | D:7      | 6157 ||| FLEEEEING.
  6158 | D:7      | 6158 ||| FLEEEEING.
  6159 | D:7      | 6159 ||| FLEEEEING.
  6160 | D:7      | 6160 ||| FLEEEEING.
  6161 | D:7      | 6161 ||| FLEEEEING.
  6162 | D:7      | 6162 ||| FLEEEEING.
  6165 | D:7      | Reached * piety under Okawaru
  6423 | D:7      | 6423 ||| INVOKING Heroism.
  6674 | D:7      | Reached skill level 1 in Invocations
  6684 | D:7      | 6684 ||| DRINKING 2 brown potions.
  6685 | D:7      | 6685 ||| DRINKING 4 viscous sapphire potions.
  6702 | D:7      | 6702 ||| DROPPING 3 potions of lignification.
  6845 | D:8      | 6845 ||| INVOKING Heroism.
  6854 | D:8      | HP: 15/82 [yak (13)]
  6855 | D:8      | 6855 ||| READING 2 scrolls of teleportation.
  6855 | D:8      | Mangled by a yak

Levels and vault maps discovered:
D:1:      sevenhm_arrival_forest_fort_large_3, layout_basic, minmay_heptomino_l4
D:2:      layout_loops_cross, uniq_natasha, uniq_terence
D:3:      layout_loops_ring, grunt_decor_resistance, uniq_grinder
D:4:      layout_basic, mainiacjoe_overflow_chevrons,
          nicolae_kikubaaqudgha_miasma_corner, mainiacjoe_overflow_catwalk,
          serial_shops, nicolae_shop_tiny_glass, gammafunk_ghost_necromancy,
          uniq_blork_the_orc
D:5:      layout_cave_pools, gammafunk_temple_overflow_statue
D:6:      layout_cave_pools, okawaru_trees_1, vehumet_statue,
          minmay_temple_entry_nine_rooms, portal_sewer_entry_d
D:7:      layout_basic
D:8:      layout_loops_ring, enter_bailey_3

Skill      XL: |  1  2  3  4  5  6  7  8  9 |
---------------+----------------------------+-----
Ranged Weapons | 3 4 5 6 7 8 11 12 | 12.6
Fighting       | 2 3 4 5 6 8 |  8.5
Armour         | 1 |  1.1
Dodging        | 3 4 5 |  5.0
Invocations    | 2 |  2.0
Spellcasting   | |  1.0
Hexes          | |  2.0

Action                     |  1- 3 |  4- 6 |  7- 9 || total
---------------------------+-------+-------+-------++-------
   Fire: Sling             |    91 |   111 |    78 ||   280
         Shortbow          |       |       |   308 ||   308
 Invoke: Heroism           |       |       |     2 ||     2
    Use: Scroll            |     6 |     7 |     5 ||    18
         Potion            |       |     1 |     6 ||     7
 Armour: Robe              |    11 |     5 |       ||    16
         Leather armour    |       |     7 |    32 ||    39
  Dodge: Dodged            |    20 |    17 |   101 ||   138

Table legend:
 A = Non-vault XP
 B = Vault XP
 C = Vault XP percentage of total XP
 D = Non-vault monster count
 E = Vault monster count
 F = Vault count percentage of total count
                 A         B        C        D         E       F
            +---------+---------+-------+---------+---------+-------
      Total |    4968 |     495 |   9.1 |     153 |       8 |   5.0
            +---------+---------+-------+---------+---------+-------
        D:1 |      55 |       4 |   6.8 |      26 |       2 |   7.1
        D:2 |      56 |      69 |  55.2 |      20 |       2 |   9.1
        D:3 |     124 |     286 |  69.8 |      23 |       1 |   4.2
        D:4 |     366 |      90 |  19.7 |      16 |       1 |   5.9
        D:5 |     277 |       0 |   0.0 |      10 |       0 |   0.0
        D:6 |    1854 |      46 |   2.4 |      22 |       2 |   8.3
        D:7 |    1470 |       0 |   0.0 |      30 |       0 |   0.0
        D:8 |     766 |       0 |   0.0 |       6 |       0 |   0.0
            +---------+---------+-------+---------+---------+-------
